 Dungeon Crawl Stone Soup version 0.29.0-4-gdea44cf6ec (webtiles) character file.

Game seed: 13105479216866310614

9 qw the Chopper (level 2, 0/17 HPs)
             Began as a Tengu Warper on Aug 28, 2022.
             Succumbed to their own poison gas
             ... on level 1 of the Dungeon.
             The game lasted 00:00:01 (320 turns).

qw the Chopper (Tengu Warper)                        Turns: 320, Time: 00:00:02

Health: 0/17       AC:  3    Str: 11    XL:     2   Next: 16%
Magic:  6/6        EV: 11    Int: 13    God:
Gold:   27         SH:  0    Dex: 13    Spells: 5/5 levels left

rFire   . . .      SeeInvis .   Y - +0 hand axe
rCold   . . .      Faith    .   (no shield)
rNeg    . . .      Spirit   .   b - +0 leather armour
rPois   .          Reflect  .   (helmet restricted)
rElec   .          Harm     .   (no cloak)
rCorr   .          Rampage  .   (no gloves)
Will    .....                   (boots unavailable)
Stlth   +.........              (no amulet)
HPRegen 0.05/turn               (no ring)
MPRegen 0.10/turn               (no ring)

@: lethally poisoned (0 -> -5), weak-willed
A: beak, talons 3
a: no special abilities


You were on level 1 of the Dungeon.
You visited 1 branch of the dungeon, and saw 1 of its levels.

You collected 27 gold pieces.


Innate Abilities, Weirdness & Mutations

You have a beak for a mouth.
You have claws for feet.


   Skills:
 - Level 2.0 Fighting
 + Level 3.1 Axes
 - Level 1.0 Throwing
 - Level 1.1 Armour
 - Level 2.1 Dodging
 - Level 2.0 Spellcasting
 - Level 2.4 Translocations


You had 5 spell levels left.
You didn't know any spells.
Your spell library contained the following spells:

 Spells                   Type           Power      Damage    Failure   Level
 Blink                    Tloc           14%        N/A       19%         2
 Gell's Gravitas          Tloc           7%         N/A       36%         3
 Lesser Beckoning         Tloc           7%         N/A       36%         3
 Teleport Other           Tloc           7%         N/A       36%         3
 Manifold Assault         Tloc           7%         N/A       98%         5

Inventory:

Hand Weapons
 Y - a +0 hand axe (weapon)
Missiles
 d - a boomerang of dispersal (quivered)
Armour
 b - a +0 leather armour (worn)

Dungeon Overview and Level Annotations

Branches:
Dungeon (1/15)

Altars:


Message History

Things that are here:
a dart slug corpse; a bat corpse A rat is nearby!
311 ||| READING 2 scrolls labelled KUTIHU ZEREBEWONEO.
The air fills with toxic fumes!
As you read the scroll labelled KUTIHU ZEREBEWONEO, it crumbles to dust.
It was a scroll of poison.
A rat is nearby!
312 ||| READING scroll labelled RITYDE GEFFINT.
As you read the scroll labelled RITYDE GEFFINT, it crumbles to dust.
You feel aware of your surroundings.
It was a scroll of magic mapping.
Enter note:
Enter note:
Enter note:
Enter note:
Enter note:
Enter note:
Enter note: A rat is nearby!
313 ||| READING scroll labelled SIOV AFELEDGH.
As you read the scroll labelled SIOV AFELEDGH, it crumbles to dust.
Magic quickly surges around you.
It was a scroll of vulnerability.
A rat is nearby!
314 ||| DROPPING scroll of poison.
You drop a scroll of poison.
A rat is nearby!
315 ||| DROPPING scroll of blinking.
You drop a scroll of blinking.
A rat is nearby!
A rat is nearby!
316 ||| Stepping randomly (stuck).
Really walk into that cloud of poison gas?
You are engulfed in poison gas.
You are poisoned.
You feel very sick.
317 ||| Stepping ~*~*~tactically~*~*~ (cloud).
You feel sick.
Items here: %% ??.
You feel sick.
You barely miss the rat. You claw the rat, but do no damage.
You feel sick. The rat barely misses you.
You barely miss the rat. You claw the rat, but do no damage.
You die...

*###**##****
*############0.,,0¤.,,,*
*.........##¤¤**0¤0,**,*
*.........##0#*00##,,*,******
****.........##¤#¤¤#.##,,,,,,,,,
*,,+........>+¤@¤#)?..#,,,,,,,,,
*,**....00¤0¤0¤#r($"#..,,,,,,,,,
*,**....¤¤00¤+¤##.#[$#.*,,,,,***
*,**....0000.#¤.##..##,+,,,,,+,,
**+**.#######.#¤....##,,*,,,,,***
*,,,,,,* #.#0.#...,,**,,,,,*
*,,,,,,* #.##...###***,,,,,*
*,,,,,,* #.#*##.#** *,,,,,*
*,,,,,,* #.###*.,,***#,,,,,*


You could see a rat.

Vanquished Creatures
  A dart slug (D:1)
  2 quokkas (D:1)
  3 ball pythons (D:1)
  A bat (D:1)
  A frilled lizard (D:1)
  A rat (D:1)
9 creatures vanquished.

Notes
Turn   | Place    | Note
-------+----------+-------------------------------------------
     0 | D:1      | qw the Tengu Warper began the quest for the Orb.
     0 | D:1      | Reached XP level 1. HP: 12/12 MP: 4/4
     0 | D:1      | 0 ||| qw: Version: 0.1-a-89-g26bdef1
     0 | D:1      | 0 ||| qw: Game counter: 2679
     0 | D:1      | 0 ||| qw: Always use a shield: true
     0 | D:1      | 0 ||| qw: God list: Okawaru
     0 | D:1      | 0 ||| qw: Allow faded altars: false
     0 | D:1      | 0 ||| qw: Do Orc after D:15 true
     0 | D:1      | 0 ||| qw: Do second Lair branch before Depths: true
     0 | D:1      | 0 ||| qw: Lair rune preference: random
     0 | D:1      | 0 ||| qw: Plans: Normal
     0 | D:1      | 0 ||| PLANNING D:1-11
   205 | D:1      | Reached XP level 2. HP: 11/17 MP: 6/6
   207 | D:1      | Reached skill level 3 in Axes
   311 | D:1      | 311 ||| READING 2 scrolls labelled KUTIHU ZEREBEWONEO.
   312 | D:1      | 312 ||| READING scroll labelled RITYDE GEFFINT.
   313 | D:1      | 313 ||| READING scroll labelled SIOV AFELEDGH.
   314 | D:1      | 314 ||| DROPPING scroll of poison.
   315 | D:1      | 315 ||| DROPPING scroll of blinking.
   316 | D:1      | 316 ||| Stepping randomly (stuck).
   317 | D:1      | 317 ||| Stepping ~*~*~tactically~*~*~ (cloud).
   317 | D:1      | HP: 4/17 [poisoned by you (poison gas)]
   319 | D:1      | HP: 1/17 [poisoned by you (poison gas)]
   320 | D:1      | Succumbed to their own poison gas

Levels and vault maps discovered:
D:1:      onia_arrival_pentagram, layout_basic, minmay_pentomino_w4

Skill      XL: |  1  2 |
---------------+-------+-----
Axes           | 3 |  3.1
Fighting       | |  2.0
Throwing       | |  1.0
Armour         | |  1.1
Dodging        | |  2.1
Spellcasting   | |  2.0
Translocations | |  2.4

Action                   || total
-------------------------++-------
Melee: Hand axe          ||    11
       Kick              ||     3
Throw: Boomerang         ||     6
  Use: Scroll            ||     3
Armor: Leather armour    ||     3
Dodge: Dodged            ||     2

Table legend:
 A = Non-vault XP
 B = Vault XP
 C = Vault XP percentage of total XP
 D = Non-vault monster count
 E = Vault monster count
 F = Vault count percentage of total count
                 A         B        C        D         E       F
            +---------+---------+-------+---------+---------+-------
      Total |       7 |       7 |  50.0 |       5 |       4 |  44.4
            +---------+---------+-------+---------+---------+-------
        D:1 |       7 |       7 |  50.0 |       5 |       4 |  44.4
            +---------+---------+-------+---------+---------+-------
